Match 27103167
Unlisted

Match 27103167
End
Selects Italian Combined Arms Battlegroup
Selects Italian Combined Arms Battlegroup
Selects Italian Combined Arms Battlegroup
Selects Bersaglieri Squad
Bersaglieri Squad
Kradschützen Motorcycle Team
Bersaglieri Squad
Construct Light Support Kompanie
Panzerjäger Squad
Selects Bersaglieri Bolster
Construct Mechanized Kompanie
Vehicle Survival Package
8 Rad Armored Car
254 Reconnaissance Tractor
Panzerjäger Mechanized Group
Yellow staIrs
Hevsik
P4K|KiLLiN
Cerberus
Potato Ball Sack
meedlefinger
人老打不动游戏了
✿ ͜ ღ新颖☂㌻♔
0
0

Comments sign in to comment!

No comments posted yet!